[Event "Team 45 45 League T32"]
[Site "Internet Chess Club"]
[Date "2007.01.18"]
[Round "1"]
[White "BenjaminSisko"]
[Black "dondel"]
[Result "0-1"]
[WhiteElo "1647"]
[BlackElo "1713"]
[ECO "B50"]
[TimeControl "2700+45"]

1. e4 c5 2. Nf3 d6 3. c3 Nf6 4. d3 Nc6 5. g3 Bg4 6. h3 Bxf3 7. Qxf3 Ne5 8. Qd1
Rc8 9. Bg2 e6 10. O-O Be7 11. d4 cxd4 12. cxd4 Ned7 13. Re1 Qb6 14. Nc3 O-O 15.
e5 Ne8 16. Rb1 Rxc3 17. Bg5 Rd3 18. Qxd3 Bxg5 19. h4 Be7 20. Be4 h6 21. Bg2 dxe5
22. dxe5 Nc5 23. Qe3 Nc7 24. b4 N5a6 25. Qxb6 axb6 26. a3 Nd5 27. Rbd1 Nac7 28.
Rd3 Rd8 29. Red1 f6 30. Bh3 Kf7 31. f4 fxe5 32. fxe5 b5 33. Rf1+ Ke8 34. Bg4 g6
35. Rc1 Kd7 36. Bf3 Rf8 37. Be4 g5 38. h5 g4 39. Rc2 b6 40. Rc1 Bg5 41. Re1 Ke7
42. Re2 Rf7 43. Re1 Kf8 44. Re2 Kg7 45. Re1 Kg8 46. Re2 Kf8 47. Re1 Ke7 48. Re2
Rf8 49. Re1 Ra8 50. Re2 Rd8 51. Kf2 Kd7 52. Ke1 Rc8 53. Kf1 Ke7 54. Rc2 Ne3+
{White resigns} 0-1

[Event "Team 45 45 League T32"]
[Site "Internet Chess Club"]
[Date "2007.01.19"]
[Round "1"]
[White "Mater"]
[Black "AndrewYang"]
[Result "0-1"]
[WhiteElo "1773"]
[BlackElo "1731"]
[ECO "E91"]
[TimeControl "2700+45"]

1. d4 Nf6 2. c4 g6 3. Nc3 Bg7 4. e4 d6 5. Nf3 O-O 6. Be2 Nbd7 7. O-O c5 8. d5
Nb6 9. Bg5 Qc7 10. Qc2 e6 11. Rad1 exd5 12. cxd5 Re8 13. Bb5 Bd7 14. Bxd7 Nbxd7
15. Rfe1 a6 16. a3 b5 17. Nd2 Ne5 18. Rc1 Rab8 19. f4 Ned7 20. Nf3 a5 21. Qd3 c4
22. Qc2 Nc5 23. e5 dxe5 24. fxe5 Ng4 25. d6 Qd7 26. Rcd1 Nd3 27. Re2 Ngxe5 28.
Nxe5 Rxe5 29. Rxe5 Bxe5 30. Nd5 Qxd6 31. Ne7+ Kg7 32. Rf1 f6 33. Nf5+ gxf5 34.
Be3 Bxh2+ 35. Kh1 Qe5 36. Qe2 Bf4 37. Qf3 Qxe3 38. Qd5 Nf2+ 39. Kg1 Ne4+ 40. Kh1
Ng3+ 41. Kh2 Nxf1+ 42. Kh1 Ng3+ 43. Kh2 Ne2+ {White resigns} 0-1

[Event "Team 45 45 League T32"]
[Site "Internet Chess Club"]
[Date "2007.01.20"]
[Round "1"]
[White "Hedges"]
[Black "MaunaKeaMike"]
[Result "1/2-1/2"]
[WhiteElo "1782"]
[BlackElo "1779"]
[ECO "E38"]
[TimeControl "2700+45"]

1. d4 Nf6 2. c4 e6 3. Nc3 Bb4 4. Qc2 c5 5. Nf3 Nc6 6. e3 d5 7. a3 Bxc3+ 8. Qxc3
cxd4 9. Nxd4 O-O 10. Be2 Ne4 11. Qc2 Qf6 12. O-O Nxd4 13. exd4 Qxd4 14. Be3 Qe5
15. Rfd1 dxc4 16. Bxc4 Nf6 17. Bd4 Qg5 18. Rd3 Qf5 19. Qc3 Ne4 20. Qc2 Nc5 21.
Bxc5 Qxc5 22. Rad1 b5 23. Bb3 Qxc2 24. Bxc2 Bb7 25. Bb3 Bc6 26. Rc3 Rac8 27.
Rdc1 Bb7 28. Rxc8 Rxc8 29. Rxc8+ Bxc8 30. f4 Kf8 31. Kf2 Ke7 32. Ke3 f6 33. Bc2
g6 34. Kd4 Kd6 35. g3 Bb7 36. h4 Bf3 37. Bd3 a6 38. a4 Kc6 39. axb5+ axb5 40. b4
Bd1 41. Bb1 Be2 42. Ba2 Kd6 43. Bb3 e5+ 44. fxe5+ fxe5+ 45. Kc3 Ke7 46. Bg8 h6
47. Bd5 Kf6 48. Be4 g5 49. Kd2 Bc4 50. Ke3 Ke6 51. Kd2 Kd6 52. Ke3 Bd5 53. Bd3
Bc6 54. Bc2 Ke6 55. Bb1 Kd5 56. Ba2+ Kd6 57. Bb1 Bd5 58. Bd3 Bc4 59. Be4 Ke6 60.
Kd2 Bd5 61. Bd3 Bc6 62. Ke3 g4 63. Bc2 Bd5 64. Bd3 Bc4 65. Bc2 Bd5 66. Bd3 Bc6
67. Bc2 Kd6 68. Bd3 Ke7 69. Bf5 Bf3 70. Bd3 Bc6 71. Be2 h5 72. Bd3 Kf6 73. Bc2
Bd5 74. Bd3 Bc6 75. Bc2 Be8 76. Be4 Bd7 77. Kd2 Be8 78. Ke3 Ke6 79. Kd2 Kd6 80.
Ke3 Bf7 81. Bd3 Be8 82. Be4 Bf7 83. Bd3 Be8 84. Be4 Ke6 85. Kd2 Kf6 86. Ke3 Ke6
87. Bd3 Kd5 88. Bf1 e4 89. Be2 Ke5 90. Bf1 Bc6 91. Be2 Be8 92. Bf1 Bc6 93. Be2
Be8 94. Bf1 Bc6 95. Be2 Be8 {Game drawn by repetition} 1/2-1/2

[Event "Team 45 45 League T32"]
[Site "Internet Chess Club"]
[Date "2007.01.22"]
[Round "1"]
[White "ERaulli"]
[Black "hansolo1000"]
[Result "1-0"]
[WhiteElo "1761"]
[BlackElo "1737"]
[ECO "A16"]
[TimeControl "2700+45"]

1. c4 Nf6 2. Nc3 g6 3. e4 d6 4. g3 Bg7 5. Bg2 O-O 6. Nge2 e5 7. d3 c6 8. O-O Bg4
9. f3 Be6 10. Bg5 h6 11. Bxf6 Bxf6 12. Qd2 Kh7 13. f4 Qd7 14. f5 gxf5 15. exf5
Bxf5 16. Rxf5 Bg5 17. Rxg5 hxg5 18. Qxg5 f5 19. Rf1 Qg7 20. Rxf5 Qxg5 21. Rxg5
Nd7 22. Be4+ Kh8 23. Rh5+ Kg8 24. g4 Nc5 25. Bf5 a5 26. Ng3 {Black resigns} 1-0

[Event "Team 45 45 League T32"]
[Site "Internet Chess Club"]
[Date "2007.01.18"]
[Round "1"]
[White "kamu"]
[Black "bishopb7"]
[Result "1-0"]
[WhiteElo "1732"]
[BlackElo "1713"]
[ECO "D43"]
[TimeControl "2700+45"]

1. d4 d5 2. c4 c6 3. Nf3 Nf6 4. Nc3 e6 5. Bg5 Be7 6. e3 O-O 7. Bd3 dxc4 8. Bxc4
b5 9. Bd3 Bb7 10. Bxf6 Bxf6 11. Qc2 g6 12. O-O a6 13. Ne4 Nd7 14. Rfc1 Qe7 15.
Nxf6+ Qxf6 16. Qc3 Rac8 17. Be4 Qe7 18. a4 Nf6 19. Bd3 Nd5 20. Qc5 Qxc5 21. Rxc5
f6 22. b3 Nb6 23. e4 Nd7 24. Rc2 Rfd8 25. b4 Nb6 26. a5 Nd7 27. Rd1 e5 28. Be2
exd4 29. Nxd4 Nb8 30. Bg4 Rc7 31. f3 c5 32. Be6+ Kh8 33. bxc5 Nc6 34. Bd5 Nxa5
35. Ne6 Rdd7 36. Nxc7 Rxc7 37. Ra2 Nc6 38. Bxc6 Rxc6 39. Rd8+ {Black resigns}
1-0

[Event "Team 45 45 League T32"]
[Site "Internet Chess Club"]
[Date "2007.01.18"]
[Round "1"]
[White "LoseOften"]
[Black "martineden"]
[Result "0-1"]
[WhiteElo "1752"]
[BlackElo "1934"]
[ECO "C75"]
[TimeControl "2700+45"]

1. e4 e5 2. Nf3 Nc6 3. Bb5 a6 4. Ba4 d6 5. c3 Bd7 6. d4 Nge7 7. O-O Ng6 8. d5
Nb8 9. Bxd7+ Nxd7 10. c4 Be7 11. Nc3 O-O 12. g3 f5 13. exf5 Rxf5 14. Ne4 Nf6 15.
Neg5 c6 16. Ne6 Qd7 17. Nfg5 cxd5 18. cxd5 e4 19. Nxe4 Nxe4 20. Qd3 Re5 21. f4
Rxe6 22. dxe6 Qxe6 23. Re1 d5 24. Bd2 Bc5+ 25. Kg2 Qh3+ 26. Kxh3 Nf2+ 27. Kg2
Nxd3 28. Re2 Rc8 29. f5 Nge5 30. Bf4 Nxf4+ 31. gxf4 Nc4 32. Rc1 Bb6 33. b3 Ne3+
34. Rxe3 Rxc1 {White resigns} 0-1

[Event "Team 45 45 League T32"]
[Site "Internet Chess Club"]
[Date "2007.01.23"]
[Round "1"]
[White "alastorx"]
[Black "Plattner"]
[Result "0-1"]
[WhiteElo "1919"]
[BlackElo "1838"]
[ECO "D01"]
[TimeControl "2700+45"]

1. d4 Nf6 2. Nc3 d5 3. Bg5 Bf5 4. f3 h6 5. Bxf6 gxf6 6. e4 dxe4 7. fxe4 Bg6 8.
Nf3 e6 9. Bd3 c6 10. Qd2 Bb4 11. O-O-O Qa5 12. Kb1 Nd7 13. a3 Bf8 14. Rhf1 b5
15. d5 b4 16. dxe6 bxc3 17. exd7+ Kd8 18. Qxc3 Qxc3 19. bxc3 Kxd7 20. Ka2 Kc7
21. Nd4 Bd6 22. Rxf6 Rab8 23. Nxc6 Kxc6 24. e5 Kc5 25. Rxd6 Bh5 26. Rb1 Rxb1 27.
Kxb1 Rf8 28. Rxh6 Bg6 29. Bxg6 fxg6 30. Rxg6 Rb8+ 31. Ka2 Kc4 32. Rc6+ Kd5 33.
Rc7 a5 34. a4 Rb6 35. g4 Rh6 36. g5 Rxh2 37. g6 Rxc2+ 38. Kb3 Rg2 39. g7 Kxe5
40. Rc5+ Kd6 41. Rxa5 Rxg7 42. Kb4 Rg1 43. Rb5 Rb1+ 44. Ka5 Rc1 45. Rb3 Kc6 46.
Ka6 Rc2 47. Ka5 Rc1 48. Rb8 Rh1 49. Kb4 Rb1+ 50. Kc4 Rxb8 {White resigns} 0-1

[Event "Team 45 45 League T32"]
[Site "Internet Chess Club"]
[Date "2007.01.20"]
[Round "1"]
[White "shijith"]
[Black "Egmont"]
[Result "1-0"]
[WhiteElo "1774"]
[BlackElo "1640"]
[ECO "A83"]
[TimeControl "2700+45"]

1. d4 f5 2. e4 fxe4 3. Nc3 Nf6 4. Bg5 Nc6 5. d5 Ne5 6. Qd4 Nf7 7. Bxf6 exf6 8.
Nxe4 Be7 9. O-O-O O-O 10. Nf3 d6 11. h4 f5 12. Ng3 Bf6 13. Qf4 Nh6 14. Bd3 Qe8
15. Kb1 Be5 16. Nxe5 dxe5 17. Qc4 Qf7 18. Rhe1 e4 19. Be2 Kh8 20. d6 Be6 21.
Qxc7 Bxa2+ 22. Kc1 Qxc7 23. dxc7 Bg8 24. Rd7 Be6 25. Re7 Rae8 26. Rxe8 Rxe8 27.
Rd1 Nf7 28. Bb5 Rc8 29. Bd7 Bxd7 30. Rxd7 Kg8 31. Nxf5 Kf8 32. Rxf7+ {Black
resigns} 1-0

[Event "Team 45 45 League T32"]
[Site "Internet Chess Club"]
[Date "2007.01.20"]
[Round "1"]
[White "chinta"]
[Black "Beancounter"]
[Result "0-1"]
[WhiteElo "1768"]
[BlackElo "1701"]
[ECO "C02"]
[TimeControl "2700+45"]

1. e4 e6 2. d4 d5 3. e5 c5 4. c3 Nc6 5. Nf3 Qb6 6. Na3 cxd4 7. Bb5 Bxa3 8. Bxc6+
bxc6 9. bxa3 dxc3 10. O-O Ne7 11. Be3 c5 12. Rb1 Qa5 13. Qc2 d4 14. Bg5 Nd5 15.
Rb3 d3 16. Qxd3 Ba6 17. Qb1 Bxf1 18. Rb8+ Kd7 19. Rb7+ Nc7 20. Qxf1 Rab8 21.
Qd3+ Kc6 22. Qe4+ Nd5 23. Rxf7 Qb5 24. Ne1 Rb7 25. Rf3 Kb6 26. h3 Qb2 27. Kh2
Qxa3 28. Nc2 Qxa2 29. Rd3 Qxc2 30. Qf3 h6 31. Be3 Qxd3 32. Bxc5+ Kxc5 33. Qxd3
Rb2 34. f4 Rxg2+ 35. Kh1 Rb8 36. Qf1 Rbb2 37. Qc1 Rh2+ 38. Kg1 Rbg2+ 39. Kf1
Rh1+ {White resigns} 0-1

[Event "Team 45 45 League T32"]
[Site "Internet Chess Club"]
[Date "2007.01.21"]
[Round "1"]
[White "Centrum"]
[Black "EagerToLearn"]
[Result "1-0"]
[WhiteElo "2312"]
[BlackElo "2092"]
[ECO "E93"]
[TimeControl "2700+45"]

1. d4 d6 2. Nf3 Nf6 3. c4 g6 4. Nc3 Bg7 5. e4 O-O 6. Be2 e5 7. d5 Nbd7 8. Bg5 h6
9. Bh4 g5 10. Bg3 Nxe4 11. Nxe4 f5 12. Nfd2 fxe4 13. Nxe4 Nf6 14. Bd3 Nxe4 15.
Bxe4 g4 16. Qd2 Qf6 17. f3 h5 18. O-O Bh6 19. Qd3 Qg5 20. fxg4 Qe3+ 21. Kh1 Qxd3
22. Rxf8+ Kxf8 23. Bxd3 hxg4 24. Rf1+ Kg7 25. Bh4 Bd7 26. Rf6 Bc1 27. b3 Rh8 28.
Rg6+ Kf7 29. g3 Rg8 30. Rf6+ Kg7 31. Kg2 Rf8 32. Rg6+ Kf7 33. Be4 Be3 34. Bg5
Bxg5 35. Rxg5 Rg8 36. Rh5 Rg7 37. b4 b6 38. Kf2 a5 39. bxa5 bxa5 40. Bh7 Kf6 41.
Ke3 Be8 42. Rh4 Kg5 43. Be4 Bh5 44. h3 gxh3 45. Rxh3 Bg6 46. Rh8 Bxe4 47. Kxe4
Kg4 48. c5 dxc5 49. Ra8 Kxg3 50. Rxa5 c4 51. Rc5 Rg4+ 52. Kxe5 Rg5+ 53. Kf6 Rg4
54. Rxc7 Rd4 55. Ke5 Rd2 56. a4 Ra2 57. Rxc4 {Black resigns} 1-0

[Event "Team 45 45 League T32"]
[Site "Internet Chess Club"]
[Date "2007.01.21"]
[Round "1"]
[White "fhunfi"]
[Black "achessman"]
[Result "1-0"]
[WhiteElo "1962"]
[BlackElo "1982"]
[ECO "D45"]
[TimeControl "2700+45"]

1. d4 d5 2. Nf3 Nf6 3. c4 c6 4. e3 e6 5. Nc3 Nbd7 6. Qc2 Bd6 7. b3 O-O 8. Be2
Qe7 9. O-O dxc4 10. bxc4 e5 11. Bb2 e4 12. Nd2 Re8 13. f3 exf3 14. Rxf3 Bxh2+
15. Kxh2 Ng4+ 16. Kg1 Qh4 17. Nf1 Re6 18. Rh3 Qf2+ 19. Kh1 Rg6 20. Ne4 Qxg2+ 21.
Kxg2 Nxe3+ 22. Kf2 Nxc2 23. Rc1 Nf6 24. Nxf6+ Rxf6+ 25. Rf3 Rxf3+ 26. Bxf3 Nb4
27. Rd1 Bf5 28. Be2 Nxa2 29. Ne3 Bg6 30. d5 Nb4 31. d6 c5 32. d7 Rd8 33. Be5 Nc2
34. Bc7 Nxe3 35. Kxe3 {Black resigns} 1-0

[Event "Team 45 45 League T32"]
[Site "Internet Chess Club"]
[Date "2007.01.19"]
[Round "1"]
[White "matein7"]
[Black "tourettes"]
[Result "1-0"]
[WhiteElo "1956"]
[BlackElo "1811"]
[ECO "E21"]
[TimeControl "2700+45"]

1. d4 Nf6 2. Nf3 e6 3. c4 Bb4+ 4. Nc3 c5 5. e3 Nc6 6. Bd3 b6 7. O-O Bxc3 8. bxc3
O-O 9. e4 d6 10. e5 dxe5 11. dxe5 Nd7 12. Qe2 h6 13. Qe4 Nf6 14. exf6 g6 15.
Qxc6 Qxd3 16. Qxa8 Qxc3 17. Bxh6 Re8 18. Qc6 Rd8 19. Rad1 Qxf6 20. Bg5 {Black
resigns} 1-0

[Event "Team 45 45 League T32"]
[Site "Internet Chess Club"]
[Date "2007.01.21"]
[Round "1"]
[White "Gil-galad"]
[Black "jorobo"]
[Result "0-1"]
[WhiteElo "2074"]
[BlackElo "2210"]
[ECO "E97"]
[TimeControl "2700+45"]

1. d4 Nf6 2. c4 g6 3. Nc3 Bg7 4. e4 d6 5. Be2 O-O 6. Nf3 e5 7. O-O Nc6 8. d5 Ne7
9. b4 c6 10. dxc6 bxc6 11. Bg5 Be6 12. Qd2 d5 13. cxd5 cxd5 14. exd5 Nfxd5 15.
Ne4 f6 16. Nc5 Bf7 17. Be3 Nxe3 18. Qxe3 Nd5 19. Qb3 e4 20. Ne1 f5 21. Rd1 Nc3
22. Qxf7+ Kxf7 23. Bc4+ Ke7 24. Rxd8 Rfxd8 25. Ne6 Rdc8 26. Bb3 Ne2+ 27. Kh1 Nd4
28. Nxd4 Bxd4 29. Nc2 Bb6 30. g3 Rd8 31. Na3 Rd2 32. Kg1 Rc8 33. Nc4 Re2 34. Kg2
e3 35. Nxb6 axb6 36. Kf3 Rxf2+ 37. Rxf2 exf2 38. Kxf2 Rc3 39. Ke2 Kf6 40. Kd2
Rf3 41. Ke2 Rc3 42. Kd2 Rc7 43. a4 Ke5 44. Kd3 g5 45. Bc4 f4 46. gxf4+ gxf4 47.
Bb3 Rd7+ 48. Ke2 Rd4 49. Bc2 Rxb4 {White resigns} 0-1

[Event "Team 45 45 League T32"]
[Site "Internet Chess Club"]
[Date "2007.01.21"]
[Round "1"]
[White "PrincessChess"]
[Black "Vael"]
[Result "0-1"]
[WhiteElo "1804"]
[BlackElo "1889"]
[ECO "B23"]
[TimeControl "2700+45"]

1. e4 c5 2. Nc3 d6 3. g3 g6 4. Bg2 Bg7 5. Nge2 Nc6 6. d3 e6 7. O-O Nge7 8. Be3
O-O 9. Qd2 a6 10. Bh6 Rb8 11. Bxg7 Kxg7 12. f4 Qb6 13. Nd1 d5 14. Kh1 Rd8 15. b3
dxe4 16. Bxe4 Qb4 17. Qxb4 Nxb4 18. Ne3 Ned5 19. Bxd5 Nxd5 20. Nxd5 exd5 21. Nc3
Bd7 22. Kg1 Bc6 23. Rae1 Re8 24. Kf2 Kf8 25. Rxe8+ Rxe8 26. Re1 Rxe1 27. Kxe1
Ke7 28. Ke2 Ke6 29. a4 Kf5 30. Kf2 Kg4 31. h4 h5 32. Nd1 d4 33. a5 Bb5 34. c4
dxc3 35. Nxc3 Bxd3 36. Na4 c4 37. bxc4 Bxc4 38. Nb6 Bb5 39. Nd5 Kf5 40. Ke3 Bc6
41. Nc3 Ke6 42. Kd4 Kd6 43. Kc4 Bf3 44. Na4 Kc6 45. Nb6 Be2+ 46. Kb4 Kd6 47.
Nc8+ Kd5 48. Kc3 Bg4 49. Nb6+ Kc5 50. Nc4 Be6 51. Na3 Bd5 52. Nc2 Kb5 53. f5 Be4
54. Nd4+ Kxa5 55. fxg6 fxg6 56. Nb3+ Kb5 57. Nd4+ Kc5 58. Ne6+ Kd6 59. Nd4 Kd5
60. Ne2 Kc5 61. Nd4 Bf5 62. Nb3+ Kd5 63. Nd2 b6 64. Nf3 Ke4 {White resigns} 0-1

[Event "Team 45 45 League T32"]
[Site "Internet Chess Club"]
[Date "2007.01.22"]
[Round "1"]
[White "Nosferatu1"]
[Black "OrangeKing"]
[Result "1-0"]
[WhiteElo "1792"]
[BlackElo "1790"]
[ECO "E67"]
[TimeControl "2700+45"]

1. d4 Nf6 2. c4 g6 3. g3 Bg7 4. Bg2 O-O 5. Nf3 d6 6. Nc3 Nbd7 7. O-O c5 8. d5
Rb8 9. e4 a6 10. a4 Nb6 11. Qe2 Ng4 12. h3 Ne5 13. Nxe5 Bxe5 14. Bh6 Bg7 15.
Bxg7 Kxg7 16. e5 e6 17. a5 Na8 18. exd6 Qxd6 19. Rfe1 Nc7 20. Ne4 Qe7 21. d6 Qd7
22. dxc7 Qxc7 23. Qe3 b6 24. axb6 Qxb6 25. Reb1 Bb7 26. Qxc5 Bxe4 27. Qxb6 Rxb6
28. Bxe4 Rfb8 29. c5 Rxb2 30. Rxb2 Rxb2 31. c6 Rb8 32. c7 Rc8 33. Rc1 {Black
resigns} 1-0

[Event "Team 45 45 League T32"]
[Site "Internet Chess Club"]
[Date "2007.01.19"]
[Round "1"]
[White "RingLord"]
[Black "LoseOften"]
[Result "1-0"]
[WhiteElo "1723"]
[BlackElo "1734"]
[ECO "B50"]
[TimeControl "2700+45"]

1. e4 c5 2. Nf3 d6 3. Bd3 Nc6 4. c3 Bg4 5. Bc2 Nf6 6. d3 g6 7. Be3 Bg7 8. Nbd2
O-O 9. h3 Bxf3 10. Nxf3 Qc7 11. O-O Rfd8 12. d4 d5 13. e5 Ne4 14. Nd2 cxd4 15.
cxd4 Rac8 16. Nxe4 dxe4 17. Rc1 Bxe5 18. Bxe4 Bxd4 19. Qb3 Bxe3 20. fxe3 e6 21.
Qc3 Qe5 22. Qxe5 Nxe5 23. Bxb7 Rb8 24. Rc7 Rd2 25. Rb1 Nc4 26. e4 Rxb2 27. Rxb2
Nxb2 28. Ba6 Ra8 29. Kf2 Na4 30. Kf3 Kg7 31. Kf4 Nb6 32. Be2 Kf6 33. e5+ Kg7 34.
Bf3 Rd8 35. Rxa7 Rd4+ 36. Ke3 Rc4 37. Ra6 Rb4 38. Kd3 Nd7 39. Ra5 g5 40. Bc6 Nf8
41. Kc3 Rf4 42. g3 Rf1 43. h4 gxh4 44. gxh4 Rf4 45. Ra4 Rf5 46. Re4 Ng6 47. Kd4
Rf2 48. a4 Ra2 49. Kc5 Ne7 50. Bb5 Kg6 51. Rg4+ Kf5 52. Rg7 Kxe5 53. Rxf7 Nd5
54. Kc4 Nb6+ 55. Kb3 Ra1 56. Rxh7 Kf6 57. h5 e5 58. Rh8 Rb1+ 59. Kc2 Rb4 60.
Rh6+ {Black resigns} 1-0